 Dungeon Crawl Stone Soup version 0.27.1-2-g3b301248ec (webtiles) character file.

Game seed: 9858578159959545342

903 DoubleLucky the Skirmisher (level 8, -1/53 HPs)
             Began as a Tengu Summoner on Sept 29, 2021.
             Slain by an acid dragon (11 damage)
             ... on level 5 of the Dungeon.
             The game lasted 00:27:38 (7235 turns).

DoubleLucky the Skirmisher (Tengu Summoner)         Turns: 7235, Time: 00:27:39

Health: -1/53      AC:  0    Str: 10    XL:     8   Next: 7%
Magic:  2/12       EV: 14    Int: 16    God:
Gold:   244        SH:  5    Dex: 15    Spells: 5/11 levels left

rFire    . . .     SeeInvis +   o - +0 trident
rCold    . . .     Faith    .   (no shield)
rNeg     . . .     Spirit   .   j - +0 leather armour
rPois    .         Reflect  +   (helmet restricted)
rElec    .         Harm     .   (no cloak)
rCorr    .         Rampage  .   r - +0 pair of gloves
Will     .....                  (boots unavailable)
Stlth    ++........             n - amulet of reflection
HPRegen  0.17/turn              f - ring of see invisible
MPRegen  0.13/turn              (no ring)

@: corroded, flying quickly and evasively, quick
A: beak, talons 3, nimble flight
a: no special abilities


You were on level 5 of the Dungeon.
You visited 2 branches of the dungeon, and saw 6 of its levels.

You collected 244 gold pieces.

Inventory:

Hand Weapons
 b - a +0 dagger
 o - a +0 trident (weapon)
 x - a +0 scythe
Armour
 a - a +0 robe
 j - a +0 leather armour (worn)
 q - a +0 buckler
 r - a +0 pair of gloves (worn)
Jewellery
 f - a ring of see invisible (left hand)
 n - an amulet of reflection (around neck)
Scrolls
 c - 2 scrolls of fear {unknown}
 d - a scroll of silence {unknown}
 g - 2 scrolls of magic mapping {unknown}
 h - 3 scrolls of teleportation
 i - 2 scrolls of immolation {unknown}
 k - a scroll of brand weapon {unknown}
 l - a scroll of noise {unknown}
 s - 2 scrolls of enchant weapon
 t - a scroll of torment {unknown}
 w - a scroll of blinking {unknown}
 y - a scroll of acquirement {unknown}
 z - a scroll of identify
 A - a scroll of enchant armour {unknown}
Potions
 e - 3 potions of curing
 m - 3 potions of lignification {unknown}
 p - a potion of brilliance {unknown}
 u - a potion of mutation {unknown}
 v - a potion of cancellation {unknown}


   Skills:
 + Level 7.3 Fighting
 + Level 4.0 Polearms
 - Level 2.1 Dodging
 - Level 2.0 Stealth
 - Level 2.0 Spellcasting
 - Level 6.0 Summonings


You had 5 spell levels left.
You knew the following spells:

 Your Spells              Type           Power      Damage    Failure   Level
a - Summon Small Mammal   Summ           80%        N/A       2%          1
b - Call Imp              Summ           20%        N/A       3%          2
c - Call Canine Familiar  Summ           20%        N/A       7%          3

Your spell library contained the following spells:

 Spells                   Type           Power      Damage    Failure   Level
 Summon Guardian Golem    Hex/Summ       11%        N/A       24%         3
 Animate Skeleton         Necr           2%         N/A       28%         1
 Foxfire                  Conj/Fire      4%         2x1d4     28%         1
 Pain                     Necr           4%         1d4       28%         1
 Corpse Rot               Necr/Air       N/A        N/A       38%         2
 Conjure Flame            Conj/Fire      1%         6-21      63%         3
 Ignite Poison            Fire/Tmut/Pois 1%         N/A       63%         3
 Inner Flame              Hex/Fire       1%         N/A       63%         3
 Mephitic Cloud           Conj/Pois/Air  1%         N/A       63%         3
 Vampiric Draining        Necr           0%         2d6       63%         3
 Summon Lightning Spire   Summ/Air       11%        N/A       63%         4
 Dispel Undead            Necr           1%         3d6       95%         4
 Bolt of Magma            Conj/Fire/Erth 0%         4d4       100%        5
 Death Channel            Necr           0%         N/A       100%        6


Dungeon Overview and Level Annotations

Branches:
Dungeon (5/15)             Temple (1/1) D:5

Altars:
Ashenzari
Cheibriados
Dithmenos
Elyvilon
Hepliaklqana
Kikubaaqudgha
Makhleb
Okawaru
Trog
Uskayaw
Wu Jian
Xom
Zin
The Shining One

Shops:
D:5 [

Annotations:
D:2 exclusion: 2 downstairs
D:5 2 transporters


Innate Abilities, Weirdness & Mutations

You have a beak for a mouth.
You have claws for feet.
Your magical nature lets you fly swiftly and evasively.


Message History

Aim: an acid dragon (moderately wounded, ally target) Attack!
The acid dragon bites your white imp!
Your white imp dies!
Your hound bites the acid dragon.
Your crimson imp blinks!
Your crimson imp barely misses the acid dragon.
Your hound barely misses the acid dragon.
The acid dragon spits acid at you. The splash of acid hits you!
The acid corrodes you!
You are splashed with acid!
Your hound bites the acid dragon.
Your crimson imp barely misses the acid dragon.
You hit the acid dragon but do no damage.
Your peck misses the acid dragon.
The acid dragon is heavily wounded.
Your crimson imp barely misses the acid dragon.
Your hound bites the acid dragon.
You block the acid dragon's attack. x2
You hit the acid dragon but do no damage.
The acid dragon is heavily wounded.
Your hound barely misses the acid dragon.
Your crimson imp hits the acid dragon.
The acid dragon closely misses your crimson imp.
The acid dragon misses your crimson imp.
Your hound bites the acid dragon but does no damage.
You hit the acid dragon.
You claw the acid dragon, but do no damage.
The acid dragon is severely wounded.
Your hound barely misses the acid dragon.
Your crimson imp blinks!
The acid dragon bites you!
* * * LOW HITPOINT WARNING * * *
The acid dragon claws you.
* * * LOW HITPOINT WARNING * * *
Your crimson imp hits the acid dragon.
Your hound barely misses the acid dragon.
Your crimson imp blinks!
You barely miss the acid dragon.
The acid dragon is severely wounded.
Your hound closely misses the acid dragon.
The acid dragon bites you!
You die...

#.#####.##.##### #......
#.#.....##.########......
#.#....>.................
#.......##.########......
###..................)...
#####.##.########......
#.........# #......
#...).....# #......
#.@.......# #......
#§D§......# #......
#.h5......# #......
#.........# #......
#.......### #......
#.5.....# #......
.#######.......# #......
.......'.......# #......
########.......# #......


You could see an acid dragon (ally target), a friendly hound (summoned) and 2
friendly crimson imps.

Vanquished Creatures
  A centaur (D:5)
  A bullfrog zombie (D:5)
  A jelly (D:5)
  A hound skeleton (D:5)
  2 adders (D:5)
  An orc (D:5)
  A bat skeleton (D:3)
  2 bat zombies (D:3)
  A goblin (D:1)
  A hobgoblin (D:1)
  A ball python (D:2)
  A bat (D:3)
  A frilled lizard (D:1)
  A kobold (D:1)
  2 rats (D:2)
18 creatures vanquished.

Vanquished Creatures (collateral kills)
  Grinder (D:3)
  Sigmund (D:3)
  A steam dragon (D:4)
  Edmund (D:4)
  An ogre (D:4)
  3 scorpions
  A water moccasin zombie (D:5)
  A water moccasin skeleton (D:5)
  A howler monkey (D:5)
  A vampire bat (D:3)
  2 orc priests
  4 orc wizards
  An iguana (D:4)
  A hound skeleton (D:5)
  An adder (D:2)
  An ufetubus (D:3)
  5 worms
  A dart slug (D:1)
  10 orcs
  7 ball pythons
  A bat skeleton (D:3)
  4 endoplasms
  4 giant cockroaches
  4 goblins
  3 hobgoblins
  5 jackals
  2 kobolds
  2 bats
  5 frilled lizards
  3 rats
78 creatures vanquished.

Grand Total: 96 creatures vanquished

Notes
Turn   | Place    | Note
-------+----------+-------------------------------------------
     0 | D:1      | DoubleLucky the Tengu Summoner began the quest for the Orb.
     0 | D:1      | Reached XP level 1. HP: 10/10 MP: 4/4
   203 | D:1      | Reached skill level 5 in Summonings
   432 | D:1      | Reached skill level 1 in Fighting
   432 | D:1      | Reached XP level 2. HP: 16/16 MP: 1/6
  1379 | D:2      | Reached XP level 3. HP: 21/21 MP: 0/7
  1883 | D:2      | Learned a level 2 spell: Call Imp
  1887 | D:2      | Learned a level 3 spell: Call Canine Familiar
  2311 | D:2      | Reached skill level 2 in Fighting
  2528 | D:2      | Reached XP level 4. HP: 22/26 MP: 3/8
  2654 | D:3      | Found an ornate altar of the Wu Jian Council.
  3297 | D:3      | Noticed Sigmund
  3374 | D:3      | Killed Sigmund
  3375 | D:3      | Reached skill level 4 in Fighting
  3375 | D:3      | Gained mutation: Your magical nature lets you fly swiftly
                  | and evasively. [Tengu growth]
  3375 | D:3      | Reached XP level 5. HP: 33/33 MP: 1/9
  3996 | D:3      | Noticed Grinder
  4002 | D:3      | Found an ancient bone altar of Kikubaaqudgha.
  4012 | D:3      | Reached skill level 1 in Polearms
  4034 | D:3      | Killed Grinder
  4035 | D:3      | Reached XP level 6. HP: 40/40 MP: 0/10
  4613 | D:4      | Reached skill level 5 in Fighting
  4714 | D:4      | Noticed a steam dragon
  4727 | D:4      | Killed a steam dragon
  4728 | D:4      | Reached XP level 7. HP: 29/44 MP: 2/11
  4875 | D:4      | Noticed Edmund
  4898 | D:4      | Killed Edmund
  5255 | D:4      | Found a broken altar of Ashenzari.
  5280 | D:5      | Entered Level 5 of the Dungeon
  5585 | D:5      | Found a transporter.
  5599 | D:5      | Found a transporter.
  5602 | D:5      | Found a hide-covered altar of Uskayaw.
  5608 | D:5      | Noticed a komodo dragon
  5787 | D:5      | Reached skill level 6 in Fighting
  6413 | D:5      | Reached skill level 7 in Fighting
  6413 | D:5      | Reached XP level 8. HP: 50/53 MP: 9/12
  6598 | D:5      | Found a staircase to the Ecumenical Temple.
  6691 | Temple   | Entered the Ecumenical Temple
  7059 | D:5      | Found Fumokio's Armour Emporium.
  7235 | D:5      | Slain by an acid dragon

Illustrated notes

Levels and vault maps discovered:
D:1:      wander_arrival_lonely_grave, layout_basic
D:2:      layout_loops_cross, hangedman_decor_slide_cut
D:3:      layout_basic, kennysheep_vampire_church,
          mainiacjoe_overflow_surrounded_room, uniq_grinder, uniq_sigmund
D:4:      layout_rooms, mainiacjoe_overflow_boulevard, grunt_decor_arrowhead,
          uniq_edmund
D:5:      layout_basic, gammafunk_temple_overflow_arena,
          minmay_temple_entry_poolview, serial_shops, nicolae_diamond_shop
Temple:   dpeg_chambers_temple

Skill      XL: |  1  2  3  4  5  6  7 |
---------------+----------------------+-----
Summonings     | 5 6 |  6.0
Fighting       | 1 2 4 5 7 |  7.3
Polearms       | 2 3 4 |  4.0
Dodging        | |  2.1
Stealth        | |  2.0
Spellcasting   | |  2.0

Action                   |  1- 3 |  4- 6 |  7- 9 || total
-------------------------+-------+-------+-------++-------
Melee: Unarmed           |     1 |       |       ||     1
       Dagger            |    24 |    23 |       ||    47
       Kick              |     7 |     8 |    10 ||    25
       Peck              |     2 |     6 |     7 ||    15
       Trident           |       |       |    46 ||    46
 Cast: Summon Small Mamm |    96 |    21 |    18 ||   135
       Call Imp          |     8 |    37 |    39 ||    84
       Call Canine Famil |       |     3 |    16 ||    19
  Use: Scroll            |       |     4 |     1 ||     5
 Stab: Sleeping          |     1 |       |       ||     1
       Distracted        |       |       |     1 ||     1
Armor: Robe              |     6 |       |       ||     6
       Leather armour    |     5 |    20 |     8 ||    33
Dodge: Dodged            |    20 |    44 |    20 ||    84
Block: Other             |     5 |    10 |    18 ||    33
       Reflection        |       |       |     3 ||     3
